 Dungeon Crawl Stone Soup version 0.30.1-11-g7821555f0a (webtiles) character file.

Game seed: 549212625157492530

273 monsoonserge the Conjurer (level 6, -1/49 (54) HPs)
             Began as a Tengu Reaver on Jan 10, 2024.
             Was a Follower of Vehumet.
             Succumbed to a scorpion's poison
             ... on level 6 of the Dungeon.
             The game lasted 00:06:53 (2603 turns).

monsoonserge the Conjurer (Tengu Reaver)            Turns: 2603, Time: 00:06:53

HP:   -1/49 (54)    AC: 23    Str: 12    XL:     6   Next: 24%
MP:   2/10          EV:  2    Int: 27    God:    Vehumet [*.....]
Gold: 194           SH:  0    Dex: 13    Spells: 5/9 levels left

rFire   . . .        e - +0 trident
rCold   . . .        (no shield)
rNeg    . . .        b - melded +0 leather armour
rPois   +            (helmet currently unavailable)
rElec   .            (cloak currently unavailable)
rCorr   .            (gloves currently unavailable)
SInv    .            (boots unavailable)
Will    .....        (no amulet)
Stlth   +            r - +6 ring of intelligence
HPRegen 0.28/turn    q - +6 ring of intelligence
MPRegen 0.12/turn

%: no passive effects
@: lethally poisoned (-1 -> -11), tree-form, very slightly contaminated, hasted,
drained, very quick
A: stationary, stasis, torment immunity, boosted hp, (beak), (talons 3), nimble
flight
a: Renounce Religion


You were on level 6 of the Dungeon.
You worshipped Vehumet.
Vehumet was aware of your devotion.
You were a tree.
You visited 1 branch of the dungeon, and saw 4 of its levels.

You collected 194 gold pieces.

Inventory:

Hand Weapons
 a - a +0 mace
 e - a +0 trident (weapon)
Missiles
 t - 5 poisoned darts
Armour
 b - a +0 leather armour (melded)
Jewellery
 l - a ring of resist corrosion
 q - a +6 ring of intelligence (right branch)
 r - a +6 ring of intelligence (left branch)
Scrolls
 f - a scroll of vulnerability {unknown}
 i - a scroll of acquirement {unknown}
 j - a scroll of enchant armour {unknown}
 m - 2 scrolls of magic mapping {unknown}
 p - a scroll of fear {unknown}
 s - a scroll of teleportation {unknown}
 u - a scroll of amnesia {unknown}
 v - a scroll of immolation {unknown}
Potions
 c - a potion of curing {unknown}
 d - 2 potions of mutation {unknown}
 g - a potion of degeneration {unknown}
 h - a potion of resistance {unknown}
 k - a potion of might {unknown}
 n - 2 potions of haste
 o - 2 potions of lignification


   Skills:
 + Level 2.6 Fighting
 - Level 4.0 Maces & Flails
 + Level 3.0 Polearms
 + Level 2.1 Armour
 + Level 3.2 Dodging
 + Level 2.1 Spellcasting
 + Level 4.3 Conjurations
 * Level 1.5 Air Magic
 * Level 1.6 Poison Magic


You had 5 spell levels left.
You knew the following spells:

 Your Spells              Type           Power      Damage    Failure   Level
a - Kiss of Death         Conj/Necr      56%        2d9       4%          1
b - Mephitic Cloud        Conj/Pois/Air  16%        N/A       11%         3

Your spell library contained the following spells:

 Spells                   Type           Power      Damage    Failure   Level
 Sandblast                Erth           4%         2d4       10%         1
 Magic Dart               Conj           100%       1d8       1%          1
 Momentum Strike          Conj/Tloc      28%        3d8       6%          2
 Hailstorm                Conj/Ice       14%        3d5       12%         3
 Call Imp                 Summ           4%         N/A       14%         2
 Portal Projectile        Hex/Tloc       4%         N/A       28%         3
 Tukima's Dance           Hex            2%         N/A       28%         3
 Blade Hands              Tmut           1%         N/A       95%         5


Dungeon Overview and Level Annotations

Branches:
Dungeon (3/15)

Altars:
Kikubaaqudgha
Trog
Vehumet
Xom

Annotations:
D:3 2 transporters, bicepts's ghost, amateur DrCj


Innate Abilities, Weirdness & Mutations

You are a tree.
Your roots penetrate the ground, keeping you stationary.
You cannot be teleported.
You are immune to unholy pain and torment.
Your maximum health is greatly increased.
Your equipment is partially melded.
((You have a beak for a mouth.))
((You have claws for feet.))
Your magical nature lets you fly swiftly and evasively.


Message History

Confirm with . or Enter, or press ? or * to list all spells.
The spell is quite dangerous to miscast (13% risk of failure)!
Continue anyway?
Aiming: Mephitic Cloud (quite dangerous; 13% risk of failure)
Press: ? - help, Shift-Dir - straight line, f/p - gnoll bouda
Aim: a gnoll bouda, wielding a +0 club and wearing a +0 robe (chance to affect: 86%) That beam is likely to hit you.
Continue anyway?
The ball explodes into a vile cloud!
The stinking cloud engulfs the gnoll bouda but does no damage.
The stinking cloud engulfs the gnoll but does no damage.
The stinking cloud engulfs the scorpion but does no damage.
The scorpion is almost dead.
The stinking cloud engulfs you but does no damage.
You are engulfed in noxious fumes.
You feel sick. The scorpion barely misses you.
The gnoll bouda is engulfed in noxious fumes.
The gnoll bouda appears confused.
The gnoll bouda barely misses you.
The gnoll asks, "Where am I?"
The gnoll attacks as you move away! The gnoll hits you with a +0 flail!
* * * LOW HITPOINT WARNING * * *
The scorpion attacks as you move away! The scorpion stings you.
* * * LOW HITPOINT WARNING * * *
You are lethally poisoned!
The scorpion poisons you!
* * * LOW HITPOINT WARNING * * *
You feel very sick.
It was a potion of lignification.
You turn into a tree.
Your +0 leather armour melds into your body.
Your roots penetrate the ground.
* * * LOW HITPOINT WARNING * * *
You feel very sick.
The gnoll seems less confused.
The gnoll is engulfed in noxious fumes.
The gnoll appears confused.
The gnoll hits the gnoll bouda with a +0 whip.
The gnoll hits itself with a +0 whip.
The gnoll is killed!
Vehumet accepts your kill.
The gnoll bouda is engulfed in noxious fumes.
The scorpion stings you but does no damage.
It was a potion of haste.
You feel yourself speed up.
You die...

(.. #...# .... #.# #.##
#8.8#....... ##..# #..##
####'##....... .....#
##..###..†.......... ......
##....#..............
......##....................
............................
g......g.°g..............#
..#...°○s♣..............#
###.g○○...............#
#..................##
#...........###....#
####.........####..#
#.........#.##..#
###...>............
##.............#.....
#.............## ..#


You could see a gnoll bouda (confused), a scorpion and 2 gnolls.

Vanquished Creatures
  A bullfrog (D:6)
  A scorpion (D:6)
  5 adders
  2 gnolls
  2 dart slugs
  6 endoplasms
  7 goblins
  10 hobgoblins
  2 jackals (D:2)
  4 quokkas
  7 ball pythons
  5 bats
  4 frilled lizards
  11 kobolds
  17 rats
84 creatures vanquished.

Notes
Turn   | Place    | Note
-------+----------+-------------------------------------------
     0 | D:1      | monsoonserge the Tengu Reaver began the quest for the Orb.
     0 | D:1      | Reached XP level 1. HP: 12/12 MP: 4/4
   223 | D:1      | Reached XP level 2. HP: 2/16 MP: 3/6
   547 | D:1      | Reached XP level 3. HP: 17/18 MP: 7/7
   875 | D:1      | Found a faded altar of an unknown god.
  1291 | D:2      | Reached skill level 1 in Polearms
  1347 | D:2      | Reached XP level 4. HP: 25/26 MP: 8/8
  1577 | D:2      | Reached skill level 1 in Armour
  1810 | D:3      | Found a radiant altar of Vehumet.
  1822 | D:3      | Became a worshipper of Vehumet
  1827 | D:3      | Learned a level 3 spell: Mephitic Cloud
  1867 | D:3      | Found a bloodstained altar of Trog.
  1886 | D:3      | Found an ancient bone altar of Kikubaaqudgha.
  1953 | D:3      | Found a transporter.
  1956 | D:3      | Noticed bicepts's ghost (amateur DrCj)
  2004 | D:3      | Found a transporter.
  2197 | D:3      | Reached skill level 1 in Poison Magic
  2295 | D:3      | Gained mutation: Your magical nature lets you fly swiftly
                  | and evasively. [Tengu growth]
  2295 | D:3      | Reached XP level 5. HP: 27/27 MP: 9/9
  2348 | D:3      | Reached * piety under Vehumet
  2348 | D:3      | Offered knowledge of Sandblast by Vehumet.
  2401 | D:3      | You are sucked into a shaft and drop 3 floors!
  2401 | D:6      | Found a shimmering blue altar of Sif Muna.
  2401 | D:6      | Found a shimmering altar of Xom.
  2401 | D:6      | Found a shimmering altar of Xom.
  2401 | D:6      | Found a broken altar of Ashenzari.
  2401 | D:6      | Found a radiant altar of Vehumet.
  2437 | D:6      | Reached skill level 1 in Air Magic
  2441 | D:6      | Reached XP level 6. HP: 10/33 MP: 7/10
  2602 | D:6      | HP: 2/49 [poisoned by a scorpion]
  2603 | D:6      | Succumbed to a scorpion's poison

Illustrated notes

Levels and vault maps discovered:
D:1:      amcnicky_arrival_underground_garden, layout_basic,
          shapermc_ecumenical_altar_notcrosses, grunt_decor_cap,
          minmay_rat_gold_closets
D:2:      minmay_chambers_of_ones, layout_basic
D:3:      layout_basic, mainiacjoe_overflow_concentric_impassable,
          mainiacjoe_overflow_catwalk, lightli_temple_of_fire,
          gammafunk_ghost_stat_death, minmay_misc_feat_secret_circle,
          minmay_increasing_density
D:6:      layout_cave_pools, led_sif_book, nicolae_ashenzari_skybound,
          doesnt_xom_only_xom, uniq_pikel, uniq_sigmund

Skill      XL: |  1  2  3  4  5 |
---------------+----------------+-----
Maces & Flails | 4 |  4.0
Polearms       | 1 2 3 |  3.0
Armour         | 1 2 |  2.1
Poison Magic   | 1 |  1.6
Air Magic      | 1 |  1.5
Dodging        | 3 |  3.2
Fighting       | |  2.6
Spellcasting   | |  2.1
Conjurations   | |  4.3

Action                     |  1- 3 |  4- 6 || total
---------------------------+-------+-------++-------
  Melee: Mace              |    56 |       ||    56
         Kick              |    17 |    21 ||    38
         Peck              |     8 |    13 ||    21
         Trident           |    52 |    97 ||   149
   Cast: Kiss of Death     |     3 |     4 ||     7
         Mephitic Cloud    |       |     2 ||     2
    Use: Potion            |       |     2 ||     2
 Armour: Leather armour    |    20 |    17 ||    37
         Skin              |       |     1 ||     1
  Dodge: Dodged            |    67 |    76 ||   143
